Canadiens vs MapleLeafs

Created - October 20 2008 at 18:49

Goals
1 2 3 T
Canadiens 1 0 2 3
MapleLeafs 1 1 0 2
Shots
1 2 3 T
Canadiens 13 10 12 35
MapleLeafs 8 3 4 15

Period #1

1. MapleLeafs , Ian Laperriere 2 (Alexander Steen) at 11:02
2. Canadiens , Antti Miettinen 2 (Anton Volchenkov, Shawn Horcoff) at 13:49 (PP)

Penalties :
Willie Mitchell (MTL) for Hooking (Minor) at 7:13, Sheldon Souray (TOR) for Boarding (Minor) at 12:22, Paul Ranger (TOR) for Roughing (Minor) at 12:52, Francis Bouillon (MTL) for Slashing (Double Minor) at 16:15

Period #2

3. MapleLeafs , Kyle Turris 1 (Philippe Boucher, Alexander Steen) at 16:15

Penalties :
Scott Walker (TOR) for Hooking (Minor) at 3:20, Paul Ranger (TOR) for Elbowing (Minor) at 4:03, Ken Klee (MTL) for Roughing (Minor) at 10:40, Sheldon Souray (TOR) for Slashing (Minor) at 13:52

Period #3

4. Canadiens , Antoine Vermette 2 (Anton Volchenkov, Dustin Brown) at 6:26 (PP)
5. Canadiens , Antoine Vermette 3 (Patrick Kane, Pascal Dupuis) at 14:20

Penalties :
Pascal Dupuis (MTL) for High sticking (Minor) at 1:03, Peter Mueller (TOR) for Cross-checking (Minor) at 3:56, Sheldon Souray (TOR) for Hooking (Minor) at 4:55, Ian Laperriere (TOR) for Hooking (Minor) at 6:53, Rob Blake (MTL) for Tripping (Minor) at 9:25, Matt Stajan (TOR) for Roughing (Minor) at 11:50, Ian Laperriere (TOR) for Hooking (Minor) at 15:34

Goalie Stats

Roberto Luongo (MTL), 13 saves from 15 shots - (0.867), W, 4-3-1, 60:00 minutes
Jose Theodore (TOR), 32 saves from 35 shots - (0.914), L, 2-4-1, 59:05 minutes

Players Stats

Canadiens
Player Name              G  A  P  +/- PIM S  H  SB FO MP 
-----------------------------------------------------------
Antoine Vermette         2  0  2   0  0   4  0  0  14 17 
Anton Volchenkov         0  2  2   0  0   0  2  4  0  22 
Antti Miettinen          1  0  1   0  0   2  0  0  1  18 
Dustin Brown             0  1  1   0  0   2  1  0  0  22 
Francis Bouillon         0  0  0   0  4   0  5  1  0  15 
Jason Pominville         0  0  0  -1  0   5  0  0  4  18 
Ken Klee                 0  0  0   0  2   2  0  0  0  17 
Maxime Talbot            0  0  0   0  0   0  0  0  12 9  
Mike Komisarek           0  0  0  -1  0   2  1  0  0  18 
Milan Michalek           0  0  0  -1  0   2  1  0  1  12 
Pascal Dupuis            0  1  1   0  2   2  2  1  2  14 
Patrick Kane             0  1  1   0  0   1  0  0  1  14 
Rob Blake                0  0  0  -1  2   4  0  0  0  23 
Ryan Whitney             0  0  0   0  0   0  0  1  0  22 
Shawn Horcoff            0  1  1   0  0   4  0  0  25 22 
Steve Begin              0  0  0   0  0   0  2  0  1  9  
Vincent Lecavalier       0  0  0  -1  0   5  1  0  26 24 
Willie Mitchell          0  0  0   0  2   0  0  0  0  8  
MapleLeafs
Player Name              G  A  P  +/- PIM S  H  SB FO MP 
-----------------------------------------------------------
Alexander Steen          0  2  2   2  0   1  1  0  0  7  
Andy Sutton              0  0  0  -1  0   0  2  2  0  13 
Brendan Morrison         0  0  0   0  0   3  0  0  20 17 
Chuck Kobasew            0  0  0   0  0   0  2  0  12 20 
Greg Zanon               0  0  0   0  0   0  1  3  0  18 
Ian Laperriere           1  0  1   2  4   3  2  0  2  8  
Keith Ballard            0  0  0   0  0   0  1  3  0  22 
Kyle Turris              1  0  1   2  0   2  0  0  11 8  
Marc Savard              0  0  0   0  0   0  1  0  25 21 
Matt Stajan              0  0  0  -1  2   1  3  0  11 14 
Paul Ranger              0  0  0   0  4   1  1  0  0  21 
Peter Mueller            0  0  0  -1  2   0  1  0  0  14 
Philippe Boucher         0  1  1   1  0   0  1  1  0  24 
Ray Whitney              0  0  0   0  0   1  0  0  5  21 
Sam Gagner               0  0  0  -1  0   0  1  0  1  13 
Scott Walker             0  0  0   0  2   0  3  0  0  20 
Sergei Samsonov          0  0  0   0  0   3  0  0  0  14 
Sheldon Souray           0  0  0   2  6   0  0  3  0  24 

3 Stars

1 - Antoine Vermette (MTL)
2 - Ian Laperriere (TOR)
3 - Alexander Steen (TOR)

Power Play

Canadiens - 2 on 10 Attempt(s) - 20.00%
MapleLeafs - 0 on 5 Attempt(s) - 0.00%

Penalty Kill

Canadiens - 5 on 5 Attempt(s) - 100.00% - Score 0 goal in Penalty Kill
MapleLeafs - 8 on 10 Attempt(s) - 80.00% - Score 0 goal in Penalty Kill

Game Notes

No Game Note

Finance

Level 1 -- Attendance: 5393 (89.88%) -- Ticket Income $431,440.00
Level 2 -- Attendance: 4500 (100.00%) -- Ticket Income $211,500.00
Level 3 -- Attendance: 1762 (67.28%) -- Ticket Income $49,336.00
Level 4 -- Attendance: 4100 (97.62%) -- Ticket Income $53,300.00
Luxury Box -- Attendance: 774 (51.60%) -- Ticket Income $154,800.00
Game was played at the Air Canada Center
Total Attendance: 16529 (87.83%)
Total Ticket Income: $964,486.80
Other Income: $148,997.70
Total Income: $1,113,485.00


Play by Play

Period #1

0:01 of 1st period - Marc Savard wins face-off versus Milan Michalek in neutral zone.
0:11 of 1st period - Shot by Vincent Lecavalier.
0:11 of 1st period - Stopped by Jose Theodore with a rebound.
0:13 of 1st period - Shot by Mike Komisarek.
0:13 of 1st period - Stopped by Jose Theodore without a rebound.
0:14 of 1st period - Brendan Morrison wins face-off versus Shawn Horcoff in MapleLeafs zone.
0:39 of 1st period - Shot by Scott Walker.
0:39 of 1st period - Shot Misses the Net.
0:41 of 1st period - Shot by Paul Ranger.
0:41 of 1st period - Stopped by Roberto Luongo without a rebound.
0:42 of 1st period - Vincent Lecavalier wins face-off versus Marc Savard in Canadiens zone.
1:21 of 1st period - Shot by Jason Pominville.
1:21 of 1st period - Stopped by Jose Theodore without a rebound.
1:22 of 1st period - Pascal Dupuis wins face-off versus Matt Stajan in MapleLeafs zone.
1:41 of 1st period - Andy Sutton is hit by Pascal Dupuis and loses puck.
1:54 of 1st period - Shot by Antoine Vermette.
1:54 of 1st period - Shot Misses the Net.
1:56 of 1st period - Shot by Ken Klee.
1:56 of 1st period - Stopped by Jose Theodore with a rebound.
2:36 of 1st period - Antti Miettinen is hit by Scott Walker and loses puck.
2:43 of 1st period - Shot by Brendan Morrison.
2:43 of 1st period - Shot Hit the Post.
2:45 of 1st period - Shot by Brendan Morrison.
2:45 of 1st period - Stopped by Roberto Luongo without a rebound.
2:46 of 1st period - Marc Savard wins face-off versus Vincent Lecavalier in Canadiens zone.
2:56 of 1st period - Icing by Rob Blake.
2:57 of 1st period - Vincent Lecavalier wins face-off versus Kyle Turris in Canadiens zone.
3:30 of 1st period - Shot by Jason Pominville.
3:30 of 1st period - Stopped by Jose Theodore without a rebound.
3:31 of 1st period - Antoine Vermette wins face-off versus Brendan Morrison in MapleLeafs zone.
3:42 of 1st period - Shot by Sergei Samsonov.
3:42 of 1st period - Stopped by Roberto Luongo without a rebound.
3:43 of 1st period - Matt Stajan wins face-off versus Shawn Horcoff in Canadiens zone.
5:46 of 1st period - Icing by Sheldon Souray.
5:47 of 1st period - Marc Savard wins face-off versus Vincent Lecavalier in MapleLeafs zone.
6:13 of 1st period - Shot by Peter Mueller.
6:13 of 1st period - Deflect By Matt Stajan.
6:13 of 1st period - Shot Misses the Net.
6:22 of 1st period - Off-side.
6:23 of 1st period - Brendan Morrison wins face-off versus Patrick Kane in neutral zone.
7:00 of 1st period - Off-side.
7:01 of 1st period - Matt Stajan wins face-off versus Maxime Talbot in neutral zone.
7:13 of 1st period - Minor Penalty to Willie Mitchell for Hooking.
7:14 of 1st period - Vincent Lecavalier wins face-off versus Marc Savard in Canadiens zone.
7:25 of 1st period - Mike Komisarek is hit by Marc Savard.
8:09 of 1st period - Shot by Sergei Samsonov.
8:09 of 1st period - Shot Blocked by Ryan Whitney.
8:13 of 1st period - Shot by Sergei Samsonov.
8:13 of 1st period - Stopped by Roberto Luongo without a rebound.
8:14 of 1st period - Vincent Lecavalier wins face-off versus Brendan Morrison in Canadiens zone.
8:22 of 1st period - Off-side.
8:23 of 1st period - Marc Savard wins face-off versus Vincent Lecavalier in neutral zone.
9:00 of 1st period - Icing by Philippe Boucher.
9:01 of 1st period - Marc Savard wins face-off versus Jason Pominville in MapleLeafs zone.
9:39 of 1st period - Off-side.
9:40 of 1st period - Maxime Talbot wins face-off versus Brendan Morrison in neutral zone.
9:43 of 1st period - Shot by Vincent Lecavalier.
9:43 of 1st period - Stopped by Jose Theodore without a rebound.
9:44 of 1st period - Maxime Talbot wins face-off versus Brendan Morrison in MapleLeafs zone.
10:01 of 1st period - Shot by Brendan Morrison.
10:01 of 1st period - Stopped by Roberto Luongo without a rebound.
10:02 of 1st period - Matt Stajan wins face-off versus Antoine Vermette in Canadiens zone.
10:28 of 1st period - Shot by Matt Stajan.
10:28 of 1st period - Stopped by Roberto Luongo without a rebound.
10:29 of 1st period - Brendan Morrison wins face-off versus Shawn Horcoff in Canadiens zone.
10:56 of 1st period - Shot by Shawn Horcoff.
10:56 of 1st period - Stopped by Jose Theodore without a rebound.
10:57 of 1st period - Ian Laperriere wins face-off versus Vincent Lecavalier in MapleLeafs zone.
11:02 of 1st period - Shot by Alexander Steen.
11:02 of 1st period - Deflect By Ian Laperriere.
11:02 of 1st period - Goal by Ian Laperriere - Canadiens : 0 - MapleLeafs : 1.
11:03 of 1st period - Maxime Talbot wins face-off versus Marc Savard in neutral zone.
11:12 of 1st period - Shot by Vincent Lecavalier.
11:12 of 1st period - Stopped by Jose Theodore without a rebound.
11:13 of 1st period - Matt Stajan wins face-off versus Antoine Vermette in MapleLeafs zone.
11:41 of 1st period - Francis Bouillon is hit by Sam Gagner and loses puck.
12:11 of 1st period - Patrick Kane is hit by Chuck Kobasew.
12:22 of 1st period - Minor Penalty to Sheldon Souray for Boarding.
12:23 of 1st period - Vincent Lecavalier wins face-off versus Chuck Kobasew in MapleLeafs zone.
12:52 of 1st period - Minor Penalty to Paul Ranger for Roughing.
12:53 of 1st period - Shawn Horcoff wins face-off versus Marc Savard in MapleLeafs zone.
12:54 of 1st period - Shot by Dustin Brown.
12:54 of 1st period - Shot Misses the Net.
12:58 of 1st period - Shot by Ryan Whitney.
12:58 of 1st period - Shot Blocked by Keith Ballard.
13:00 of 1st period - Shot by Anton Volchenkov.
13:00 of 1st period - Shot Blocked by Keith Ballard.
13:11 of 1st period - Shot by Ryan Whitney.
13:11 of 1st period - Shot Misses the Net.
13:13 of 1st period - Shot by Antti Miettinen.
13:13 of 1st period - Stopped by Jose Theodore without a rebound.
13:14 of 1st period - Vincent Lecavalier wins face-off versus Ray Whitney in MapleLeafs zone.
13:17 of 1st period - Shot by Jason Pominville.
13:17 of 1st period - Stopped by Jose Theodore without a rebound.
13:18 of 1st period - Antti Miettinen wins face-off versus Ray Whitney in MapleLeafs zone.
13:47 of 1st period - Shot by Anton Volchenkov.
13:47 of 1st period - Shot Blocked by Greg Zanon.
13:49 of 1st period - Shot by Antti Miettinen.
13:49 of 1st period - Goal by Antti Miettinen - Canadiens : 1 - MapleLeafs : 1.
13:50 of 1st period - Vincent Lecavalier wins face-off versus Chuck Kobasew in neutral zone.
14:17 of 1st period - Shot by Milan Michalek.
14:17 of 1st period - Stopped by Jose Theodore without a rebound.
14:18 of 1st period - Shawn Horcoff wins face-off versus Marc Savard in MapleLeafs zone.
15:01 of 1st period - Shot by Antoine Vermette.
15:01 of 1st period - Stopped by Jose Theodore without a rebound.
15:02 of 1st period - Matt Stajan wins face-off versus Maxime Talbot in MapleLeafs zone.
15:02 of 1st period - Matt Stajan is hit by Steve Begin.
16:11 of 1st period - Brendan Morrison is hit by Francis Bouillon and loses puck.
16:15 of 1st period - Double Minor Penalty to Francis Bouillon for Slashing.
16:16 of 1st period - Jason Pominville wins face-off versus Ray Whitney in Canadiens zone.
17:30 of 1st period - Brendan Morrison is hit by Mike Komisarek.
18:25 of 1st period - Shot by Brendan Morrison.
18:25 of 1st period - Shot Misses the Net.
19:01 of 1st period - Shot by Kyle Turris.
19:01 of 1st period - Deflect By Matt Stajan.
19:01 of 1st period - Shot Blocked by Anton Volchenkov.
19:03 of 1st period - Shot by Ian Laperriere.
19:03 of 1st period - Stopped by Roberto Luongo without a rebound.
19:04 of 1st period - Vincent Lecavalier wins face-off versus Marc Savard in Canadiens zone.

Period #2

0:01 of 2nd period - Vincent Lecavalier wins face-off versus Marc Savard in neutral zone.
0:29 of 2nd period - Antoine Vermette is hit by Keith Ballard and loses puck.
1:18 of 2nd period - Shot by Milan Michalek.
1:18 of 2nd period - Shot Misses the Net.
1:21 of 2nd period - Icing by Philippe Boucher.
1:22 of 2nd period - Shawn Horcoff wins face-off versus Marc Savard in MapleLeafs zone.
2:03 of 2nd period - Icing by Ryan Whitney.
2:04 of 2nd period - Matt Stajan wins face-off versus Shawn Horcoff in Canadiens zone.
2:04 of 2nd period - Peter Mueller is hit by Anton Volchenkov and loses puck.
2:45 of 2nd period - Shot by Vincent Lecavalier.
2:45 of 2nd period - Shot Blocked by Andy Sutton.
2:47 of 2nd period - Shot by Mike Komisarek.
2:47 of 2nd period - Stopped by Jose Theodore without a rebound.
2:48 of 2nd period - Brendan Morrison wins face-off versus Antoine Vermette in MapleLeafs zone.
2:52 of 2nd period - Off-side.
2:53 of 2nd period - Antoine Vermette wins face-off versus Brendan Morrison in neutral zone.
2:58 of 2nd period - Shot by Patrick Kane.
2:58 of 2nd period - Shot Misses the Net.
3:00 of 2nd period - Shot by Ken Klee.
3:00 of 2nd period - Stopped by Jose Theodore with a rebound.
3:19 of 2nd period - Shot by Sergei Samsonov.
3:19 of 2nd period - Shot Misses the Net.
3:20 of 2nd period - Minor Penalty to Scott Walker for Hooking.
3:21 of 2nd period - Marc Savard wins face-off versus Vincent Lecavalier in Canadiens zone.
3:29 of 2nd period - Sheldon Souray is hit by Milan Michalek and loses puck.
3:40 of 2nd period - Shot by Vincent Lecavalier.
3:40 of 2nd period - Shot Misses the Net.
3:42 of 2nd period - Shot by Milan Michalek.
3:42 of 2nd period - Shot Misses the Net.
3:44 of 2nd period - Shot by Rob Blake.
3:44 of 2nd period - Deflect By Vincent Lecavalier.
3:44 of 2nd period - Stopped by Jose Theodore without a rebound.
3:45 of 2nd period - Shawn Horcoff wins face-off versus Chuck Kobasew in MapleLeafs zone.
4:03 of 2nd period - Minor Penalty to Paul Ranger for Elbowing.
4:04 of 2nd period - Vincent Lecavalier wins face-off versus Ray Whitney in MapleLeafs zone.
4:13 of 2nd period - Shot by Vincent Lecavalier.
4:13 of 2nd period - Deflect By Jason Pominville.
4:13 of 2nd period - Shot Misses the Net.
4:17 of 2nd period - Shot by Vincent Lecavalier.
4:17 of 2nd period - Shot Misses the Net.
4:19 of 2nd period - Shot by Jason Pominville.
4:19 of 2nd period - Shot Misses the Net.
4:21 of 2nd period - Shot by Rob Blake.
4:21 of 2nd period - Stopped by Jose Theodore with a rebound.
4:23 of 2nd period - Shot by Rob Blake.
4:23 of 2nd period - Stopped by Jose Theodore without a rebound.
4:24 of 2nd period - Marc Savard wins face-off versus Shawn Horcoff in MapleLeafs zone.
5:21 of 2nd period - Icing by Rob Blake.
5:22 of 2nd period - Chuck Kobasew wins face-off versus Vincent Lecavalier in Canadiens zone.
5:51 of 2nd period - Shot by Vincent Lecavalier.
5:51 of 2nd period - Stopped by Jose Theodore without a rebound.
5:52 of 2nd period - Marc Savard wins face-off versus Shawn Horcoff in MapleLeafs zone.
6:49 of 2nd period - Off-side.
6:50 of 2nd period - Brendan Morrison wins face-off versus Maxime Talbot in neutral zone.
6:57 of 2nd period - Icing by Vincent Lecavalier.
6:58 of 2nd period - Kyle Turris wins face-off versus Maxime Talbot in Canadiens zone.
7:10 of 2nd period - Vincent Lecavalier is hit by Alexander Steen and loses puck.
7:42 of 2nd period - Maxime Talbot is hit by Ian Laperriere and loses puck.
8:15 of 2nd period - Shot by Sergei Samsonov.
8:15 of 2nd period - Shot Blocked by Anton Volchenkov.
8:50 of 2nd period - Ryan Whitney is hit by Peter Mueller and loses puck.
9:34 of 2nd period - Ray Whitney is hit by Francis Bouillon and loses puck.
9:47 of 2nd period - Shot by Patrick Kane.
9:47 of 2nd period - Shot Misses the Net.
10:11 of 2nd period - Icing by Ken Klee.
10:12 of 2nd period - Antoine Vermette wins face-off versus Ian Laperriere in Canadiens zone.
10:26 of 2nd period - Shot by Kyle Turris.
10:26 of 2nd period - Shot Misses the Net.
10:28 of 2nd period - Shot by Sheldon Souray.
10:28 of 2nd period - Shot Misses the Net.
10:30 of 2nd period - Shot by Paul Ranger.
10:30 of 2nd period - Shot Misses the Net.
10:32 of 2nd period - Shot by Ian Laperriere.
10:32 of 2nd period - Stopped by Roberto Luongo with a rebound.
10:34 of 2nd period - Shot by Kyle Turris.
10:34 of 2nd period - Shot Misses the Net.
10:39 of 2nd period - Ian Laperriere is hit by Francis Bouillon.
10:40 of 2nd period - Minor Penalty to Ken Klee for Roughing.
10:41 of 2nd period - Vincent Lecavalier wins face-off versus Brendan Morrison in Canadiens zone.
10:41 of 2nd period - Vincent Lecavalier is hit by Scott Walker.
10:53 of 2nd period - Vincent Lecavalier is hit by Scott Walker and loses puck.
11:12 of 2nd period - Shot by Sergei Samsonov.
11:12 of 2nd period - Shot Misses the Net.
11:19 of 2nd period - Icing by Brendan Morrison.
11:20 of 2nd period - Vincent Lecavalier wins face-off versus Brendan Morrison in MapleLeafs zone.
12:11 of 2nd period - Shot by Sheldon Souray.
12:11 of 2nd period - Shot Misses the Net.
12:15 of 2nd period - Shot by Ray Whitney.
12:15 of 2nd period - Shot Blocked by Anton Volchenkov.
13:32 of 2nd period - Shot by Kyle Turris.
13:32 of 2nd period - Stopped by Roberto Luongo without a rebound.
13:33 of 2nd period - Shawn Horcoff wins face-off versus Kyle Turris in Canadiens zone.
13:45 of 2nd period - Icing by Philippe Boucher.
13:46 of 2nd period - Maxime Talbot wins face-off versus Kyle Turris in MapleLeafs zone.
13:52 of 2nd period - Minor Penalty to Sheldon Souray for Slashing.
13:53 of 2nd period - Shawn Horcoff wins face-off versus Chuck Kobasew in MapleLeafs zone.
15:29 of 2nd period - Shot by Dustin Brown.
15:29 of 2nd period - Stopped by Jose Theodore without a rebound.
15:30 of 2nd period - Antoine Vermette wins face-off versus Chuck Kobasew in MapleLeafs zone.
15:57 of 2nd period - Shot by Antoine Vermette.
15:57 of 2nd period - Shot Misses the Net.
16:09 of 2nd period - Shot by Kyle Turris.
16:09 of 2nd period - Shot Misses the Net.
16:13 of 2nd period - Shot by Alexander Steen.
16:13 of 2nd period - Shot Blocked by Pascal Dupuis.
16:15 of 2nd period - Shot by Philippe Boucher.
16:15 of 2nd period - Deflect By Kyle Turris.
16:15 of 2nd period - Goal by Kyle Turris - Canadiens : 1 - MapleLeafs : 2.
16:16 of 2nd period - Steve Begin wins face-off versus Matt Stajan in neutral zone.
16:25 of 2nd period - Shot by Vincent Lecavalier.
16:25 of 2nd period - Shot Misses the Net.
16:27 of 2nd period - Shot by Rob Blake.
16:27 of 2nd period - Stopped by Jose Theodore without a rebound.
16:28 of 2nd period - Shawn Horcoff wins face-off versus Brendan Morrison in MapleLeafs zone.
16:52 of 2nd period - Scott Walker is hit by Dustin Brown and loses puck.
16:59 of 2nd period - Icing by Dustin Brown.
17:00 of 2nd period - Kyle Turris wins face-off versus Shawn Horcoff in Canadiens zone.
17:00 of 2nd period - Philippe Boucher is hit by Anton Volchenkov and loses puck.
17:07 of 2nd period - Shot by Dustin Brown.
17:07 of 2nd period - Shot Misses the Net.
17:09 of 2nd period - Shot by Shawn Horcoff.
17:09 of 2nd period - Stopped by Jose Theodore without a rebound.
17:10 of 2nd period - Marc Savard wins face-off versus Maxime Talbot in MapleLeafs zone.
17:10 of 2nd period - Marc Savard is hit by Steve Begin.
17:22 of 2nd period - Shot by Vincent Lecavalier.
17:22 of 2nd period - Shot Blocked by Sheldon Souray.
17:40 of 2nd period - Willie Mitchell is hit by Chuck Kobasew and loses puck.
18:05 of 2nd period - Willie Mitchell is hit by Matt Stajan.
19:12 of 2nd period - Off-side.
19:13 of 2nd period - Shawn Horcoff wins face-off versus Brendan Morrison in neutral zone.
19:30 of 2nd period - Shot by Shawn Horcoff.
19:30 of 2nd period - Stopped by Jose Theodore without a rebound.
19:31 of 2nd period - Kyle Turris wins face-off versus Shawn Horcoff in MapleLeafs zone.

Period #3

0:01 of 3rd period - Marc Savard wins face-off versus Vincent Lecavalier in neutral zone.
0:01 of 3rd period - Chuck Kobasew is hit by Vincent Lecavalier and loses puck.
0:10 of 3rd period - Shot by Vincent Lecavalier.
0:10 of 3rd period - Deflect By Jason Pominville.
0:10 of 3rd period - Shot Blocked by Philippe Boucher.
0:12 of 3rd period - Shot by Rob Blake.
0:12 of 3rd period - Deflect By Jason Pominville.
0:12 of 3rd period - Shot Blocked by Sheldon Souray.
0:14 of 3rd period - Shot by Vincent Lecavalier.
0:14 of 3rd period - Shot Misses the Net.
0:18 of 3rd period - Shot by Vincent Lecavalier.
0:18 of 3rd period - Shot Blocked by Sheldon Souray.
0:20 of 3rd period - Shot by Jason Pominville.
0:20 of 3rd period - Shot Misses the Net.
0:24 of 3rd period - Shot by Milan Michalek.
0:24 of 3rd period - Stopped by Jose Theodore without a rebound.
0:25 of 3rd period - Brendan Morrison wins face-off versus Shawn Horcoff in MapleLeafs zone.
0:38 of 3rd period - Shot by Shawn Horcoff.
0:38 of 3rd period - Shot Blocked by Keith Ballard.
0:45 of 3rd period - Icing by Keith Ballard.
0:46 of 3rd period - Brendan Morrison wins face-off versus Antoine Vermette in MapleLeafs zone.
0:46 of 3rd period - Brendan Morrison is hit by Pascal Dupuis.
1:03 of 3rd period - Minor Penalty to Pascal Dupuis for High sticking.
1:04 of 3rd period - Vincent Lecavalier wins face-off versus Marc Savard in neutral zone.
1:25 of 3rd period - Shot by Ray Whitney.
1:25 of 3rd period - Stopped by Roberto Luongo without a rebound.
1:26 of 3rd period - Vincent Lecavalier wins face-off versus Brendan Morrison in Canadiens zone.
2:19 of 3rd period - Icing by Philippe Boucher.
2:20 of 3rd period - Marc Savard wins face-off versus Vincent Lecavalier in MapleLeafs zone.
3:03 of 3rd period - Sergei Samsonov is hit by Francis Bouillon and loses puck.
3:09 of 3rd period - Patrick Kane is hit by Andy Sutton and loses puck.
3:13 of 3rd period - Patrick Kane is hit by Andy Sutton and loses puck.
3:27 of 3rd period - Patrick Kane is hit by Greg Zanon and loses puck.
3:56 of 3rd period - Minor Penalty to Peter Mueller for Cross-checking.
3:57 of 3rd period - Chuck Kobasew wins face-off versus Shawn Horcoff in neutral zone.
4:13 of 3rd period - Ryan Whitney is hit by Philippe Boucher and loses puck.
4:24 of 3rd period - Shot by Dustin Brown.
4:24 of 3rd period - Stopped by Jose Theodore without a rebound.
4:25 of 3rd period - Vincent Lecavalier wins face-off versus Chuck Kobasew in MapleLeafs zone.
4:26 of 3rd period - Shot by Jason Pominville.
4:26 of 3rd period - Stopped by Jose Theodore without a rebound.
4:27 of 3rd period - Vincent Lecavalier wins face-off versus Chuck Kobasew in MapleLeafs zone.
4:55 of 3rd period - Minor Penalty to Sheldon Souray for Hooking.
4:56 of 3rd period - Ray Whitney wins face-off versus Shawn Horcoff in MapleLeafs zone.
6:22 of 3rd period - Shot by Antoine Vermette.
6:22 of 3rd period - Shot Blocked by Greg Zanon.
6:24 of 3rd period - Shot by Anton Volchenkov.
6:24 of 3rd period - Shot Blocked by Greg Zanon.
6:26 of 3rd period - Shot by Antoine Vermette.
6:26 of 3rd period - Goal by Antoine Vermette - Canadiens : 2 - MapleLeafs : 2.
6:27 of 3rd period - Antoine Vermette wins face-off versus Kyle Turris in neutral zone.
6:27 of 3rd period - Antoine Vermette is hit by Ian Laperriere.
6:53 of 3rd period - Minor Penalty to Ian Laperriere for Hooking.
6:54 of 3rd period - Marc Savard wins face-off versus Shawn Horcoff in neutral zone.
9:10 of 3rd period - Shot by Pascal Dupuis.
9:10 of 3rd period - Stopped by Jose Theodore without a rebound.
9:11 of 3rd period - Kyle Turris wins face-off versus Maxime Talbot in MapleLeafs zone.
9:25 of 3rd period - Minor Penalty to Rob Blake for Tripping.
9:26 of 3rd period - Shawn Horcoff wins face-off versus Brendan Morrison in Canadiens zone.
10:02 of 3rd period - Off-side.
10:03 of 3rd period - Marc Savard wins face-off versus Jason Pominville in neutral zone.
10:12 of 3rd period - Shot by Ray Whitney.
10:12 of 3rd period - Shot Blocked by Anton Volchenkov.
11:03 of 3rd period - Icing by Keith Ballard.
11:04 of 3rd period - Brendan Morrison wins face-off versus Jason Pominville in MapleLeafs zone.
11:26 of 3rd period - Shot by Brendan Morrison.
11:26 of 3rd period - Stopped by Roberto Luongo without a rebound.
11:27 of 3rd period - Sam Gagner wins face-off versus Antoine Vermette in Canadiens zone.
11:32 of 3rd period - Shot by Peter Mueller.
11:32 of 3rd period - Shot Blocked by Francis Bouillon.
11:39 of 3rd period - Icing by Antoine Vermette.
11:40 of 3rd period - Antoine Vermette wins face-off versus Matt Stajan in Canadiens zone.
11:40 of 3rd period - Antoine Vermette is hit by Matt Stajan.
11:49 of 3rd period - Patrick Kane is hit by Matt Stajan and loses puck.
11:50 of 3rd period - Minor Penalty to Matt Stajan for Roughing.
11:51 of 3rd period - Shawn Horcoff wins face-off versus Marc Savard in neutral zone.
12:08 of 3rd period - Shot by Dustin Brown.
12:08 of 3rd period - Shot Misses the Net.
13:57 of 3rd period - Shot by Pascal Dupuis.
13:57 of 3rd period - Shot Misses the Net.
13:59 of 3rd period - Shot by Ken Klee.
13:59 of 3rd period - Deflect By Antoine Vermette.
13:59 of 3rd period - Stopped by Jose Theodore without a rebound.
14:00 of 3rd period - Pascal Dupuis wins face-off versus Matt Stajan in MapleLeafs zone.
14:04 of 3rd period - Icing by Philippe Boucher.
14:05 of 3rd period - Antoine Vermette wins face-off versus Matt Stajan in MapleLeafs zone.
14:20 of 3rd period - Shot by Antoine Vermette.
14:20 of 3rd period - Goal by Antoine Vermette - Canadiens : 3 - MapleLeafs : 2.
14:21 of 3rd period - Kyle Turris wins face-off versus Maxime Talbot in neutral zone.
15:21 of 3rd period - Antoine Vermette is hit by Paul Ranger and loses puck.
15:27 of 3rd period - Icing by Paul Ranger.
15:28 of 3rd period - Shawn Horcoff wins face-off versus Kyle Turris in MapleLeafs zone.
15:34 of 3rd period - Minor Penalty to Ian Laperriere for Hooking.
15:35 of 3rd period - Shawn Horcoff wins face-off versus Chuck Kobasew in neutral zone.
16:26 of 3rd period - Shot by Jason Pominville.
16:26 of 3rd period - Stopped by Jose Theodore without a rebound.
16:27 of 3rd period - Vincent Lecavalier wins face-off versus Chuck Kobasew in MapleLeafs zone.
16:28 of 3rd period - Shot by Rob Blake.
16:28 of 3rd period - Stopped by Jose Theodore without a rebound.
16:29 of 3rd period - Vincent Lecavalier wins face-off versus Chuck Kobasew in MapleLeafs zone.
16:32 of 3rd period - Shot by Jason Pominville.
16:32 of 3rd period - Shot Hit the Post.
16:34 of 3rd period - Shot by Rob Blake.
16:34 of 3rd period - Shot Misses the Net.
17:20 of 3rd period - Shot by Shawn Horcoff.
17:20 of 3rd period - Stopped by Jose Theodore without a rebound.
17:21 of 3rd period - Shawn Horcoff wins face-off versus Marc Savard in MapleLeafs zone.
17:46 of 3rd period - Shot by Patrick Kane.
17:46 of 3rd period - Shot Misses the Net.
17:48 of 3rd period - Shot by Antoine Vermette.
17:48 of 3rd period - Shot Blocked by Andy Sutton.
17:50 of 3rd period - Shot by Pascal Dupuis.
17:50 of 3rd period - Stopped by Jose Theodore with a rebound.
17:54 of 3rd period - Shot by Patrick Kane.
17:54 of 3rd period - Stopped by Jose Theodore without a rebound.
17:55 of 3rd period - Kyle Turris wins face-off versus Maxime Talbot in MapleLeafs zone.
18:17 of 3rd period - Shot by Alexander Steen.
18:17 of 3rd period - Stopped by Roberto Luongo with a rebound.
19:05 of 3rd period - MapleLeafs, Jose Theodore is pulled from the net.
19:35 of 3rd period - Shot by Sergei Samsonov.
19:35 of 3rd period - Stopped by Roberto Luongo without a rebound.
19:36 of 3rd period - Marc Savard wins face-off versus Antoine Vermette in Canadiens zone.
19:36 of 3rd period - Sheldon Souray is hit by Francis Bouillon and loses puck.
19:52 of 3rd period - Icing by Ken Klee.
19:53 of 3rd period - Antoine Vermette wins face-off versus Brendan Morrison in Canadiens zone.


Output by the SimonT Hockey Simulator (STHS) for Stephane Roy -- Original Page W3C XHTML 1.0 Valid